Map: Ulrena

Players

LilDicky - Winner!

  • Race: Terran Terran
  • League: Diamond

Starclone

  • Race: Protoss Protoss
  • League: Diamond

VOD

http://www.twitch.tv/tumescentpie

Description

Time

  • Played on: Dec. 31, 2015, 4:47 p.m.
  • Length: 6:47
Show
View Real Time Build Order
Export as new Build Order

LilDicky Terran - Winner!

Build Orders: MMM Bio 

Get SALT Encoding   

  12  0:01  SCV  
  13  0:13  SCV  
  14  0:18  Supply Depot  
  14  0:27  Refinery  
  14  0:34  SCV  
  15  0:46  SCV  
  15  0:47  Barracks  
  16  0:59  SCV  
  17  1:11  SCV  
  18  1:23  SCV  
  19  1:34  Factory  
  19  1:35  Marine  
  19  1:37  Orbital Command  
  20  1:47  Supply Depot  
  20  1:54  Marine  
  21  2:03  SCV  
  22  2:16  Barracks  
  22  2:19  Barracks Reactor  
  22  2:20  Barracks  
  22  2:25  Refinery  
  22  2:37  SCV  
  23  2:51  SCV  
  24  3:02  Widow Mine  
  24  3:03  SCV  
  24  3:05  Marine x2  
  26  3:07  Barracks Tech Lab x2  
  28  3:13  Supply Depot  
  28  3:15  SCV  
  29  3:27  SCV  
  29  3:29  Marine  
  29  3:34  Marine x3, Widow Mine  
  31  3:37  Combat Shields, Stimpack  
  31  3:39  SCV  
  37  3:42  Supply Depot  
  37  3:47  Marine  
  38  4:00  Marauder, Marine  
  39  4:03  Marauder  
  39  4:05  Supply Depot, Marine  
  42  4:18  Marine  
  42  4:21  Marauder  
  42  4:23  Marine  
  46  4:26  Marauder  
  46  4:31  Starport  
  48  4:34  Supply Depot  
  46  4:44  Marauder  
  48  4:48  Marauder  
  48  4:52  Marine  
  51  4:53  Marine  
  52  5:05  Marine  
  53  5:09  Medivac  
  53  5:12  SCV  
  56  5:15  Supply Depot  
  56  5:16  Marauder  
  56  5:17  Marine  
  56  5:18  Marine  
  60  5:30  Supply Depot  
Show
View Real Time Build Order
Export as new Build Order

Starclone Protoss 

Build Orders:  

Get SALT Encoding   

  12  0:01  Probe (Chrono Boost)  
  13  0:11  Probe (Chrono Boost)  
  14  0:18  Pylon  
  14  0:23  Probe (Chrono Boost)  
  15  0:36  Probe (Chrono Boost)  
  15  0:39  Gateway  
  16  0:43  Assimilator  
  16  0:47  Probe (Chrono Boost)  
  17  0:57  Probe (Chrono Boost)  
  18  1:08  Probe (Chrono Boost)  
  19  1:18  Probe (Chrono Boost)  
  20  1:28  Cybernetics Core  
  20  1:30  Probe (Chrono Boost)  
  21  1:40  Probe (Chrono Boost)  
  21  1:46  Nexus  
  22  1:52  Probe (Chrono Boost)  
  23  1:55  Assimilator  
  23  2:12  Pylon  
  23  2:20  Robotics Facility  
  23  2:24  Warp Gate (Chrono Boost)  
  23  2:31  Mothership Core (Chrono Boost)  
  23  2:34  Adept  
  27  2:44  Pylon  
  27  2:49  Probe (Chrono Boost)  
  28  2:57  Probe  
  28  3:01  Probe  
  30  3:07  Gateway, Probe  
  31  3:17  Pylon  
  31  3:30  Probe x2  
  33  3:40  Adept  
  33  3:41  Probe  
  35  3:42  Probe  
  37  3:51  Probe  
  37  3:55  Probe  
  39  4:02  Probe  
  39  4:07  Probe, Gateway  
  39  4:09  Gateway  
  43  4:12  Probe  
  43  4:13  Observer  
  41  4:20  Probe  
  41  4:23  Probe  
  42  4:28  Pylon  
  43  4:32  Probe, Adept x2  
  43  4:33  Probe, Warp Prism  
  51  4:44  Probe x2  
  52  4:48  Pylon  
  53  4:59  Twilight Council  
  53  5:01  Probe  
  53  5:03  Probe  
  53  5:05  Assimilator  
  55  5:07  Pylon  
  55  5:08  Assimilator  
  55  5:13  Adept  
  57  5:26  Adept x3  
  57  5:28  Probe  
  63  5:29  Probe  
  63  5:31  Observer  
  66  5:38  Probe  
  66  5:40  Stalker  
  66  5:41  Probe  
  72  6:01  Sentry  
  60  6:10  Adept x3  
  54  6:26  Adept  
  47  6:33  Adept x3  
Tags
 
Add a new tag
Caveats
  • Supply blocks, unpowered buildings, or Contaminate may cause inaccurate times.
  • Supply counts are checked every 10 seconds.